 Dungeon Crawl Stone Soup version 0.28.0 (webtiles) character file.

Game seed: 4963452459251411627

37 browni3141 the Skirmisher (level 3, -4/49 HPs)
             Began as a Minotaur Berserker on Feb 15, 2022.
             Was a Believer of Trog.
             Slain by a gnoll (5 damage)
             ... on level 2 of the Dungeon.
             The game lasted 00:00:35 (1497 turns).

browni3141 the Skirmisher (Minotaur Berserker)      Turns: 1497, Time: 00:00:35

Health: -4/49      AC:  4    Str: 23    XL:     3   Next: 21%
Magic:  2/2        EV: 12    Int:  4    God:    Trog [**....]
Gold:   44         SH:  0    Dex:  9    Spells: 2/2 levels left

rFire   . . .      SeeInvis .   a - +0 hand axe
rCold   . . .      Faith    .   (no shield)
rNeg    . . .      Spirit   .   b - +0 animal skin
rPois   .          Reflect  .   (helmet restricted)
rElec   .          Harm     .   (no cloak)
rCorr   .          Rampage  .   g - +1 pair of gloves
Will    .....                   (no boots)
Stlth   ..........              (no amulet)
HPRegen 0.16/turn               (no ring)
MPRegen 0.08/turn               (no ring)

@: berserking, very quick
A: horns 2, retaliatory headbutt
a: Renounce Religion, Berserk, Trog's Hand


You were on level 2 of the Dungeon.
You worshipped Trog.
Trog was pleased with you.
You visited 1 branch of the dungeon, and saw 2 of its levels.

You collected 44 gold pieces.

Inventory:

Hand Weapons
 a - a +0 hand axe (weapon)
Armour
 b - a +0 animal skin (worn)
 g - a +1 pair of gloves (worn)
Scrolls
 d - a scroll of teleportation {unknown}
 e - a scroll of identify {unknown}
 h - a scroll of immolation {unknown}
 i - a scroll of magic mapping {unknown}
Potions
 c - a potion of brilliance {unknown}
 f - a potion of curing {unknown}
 j - a potion of might {unknown}


   Skills:
 + Level 4.1 Fighting
 + Level 4.1 Axes
 + Level 3.1 Armour
 + Level 2.8 Dodging


You had 2 spell levels left.
You didn't know any spells.
Your spell library was empty.

Dungeon Overview and Level Annotations

Branches:
Dungeon (2/15)

Altars:

Shops:
D:2 :


Innate Abilities, Weirdness & Mutations

You have a pair of horns on your head.
You reflexively headbutt those who attack you in melee.


Message History

There is an open door here. 2 gnolls come into view.
The gnoll shouts! x2; You hear a shout!
The gnoll barely misses you. You furiously retaliate!
You headbutt the gnoll!
The gnoll hits you from afar with a +3 spear.
There are monsters nearby!
There are monsters nearby!
You hit the gnoll. You headbutt the gnoll.
The gnoll is severely wounded.
The gnoll hits you with a +0 spear. The gnoll closely misses you.
You closely miss the gnoll.
The gnoll is severely wounded.
The gnoll hits you with a +0 spear. The gnoll misses you.
There are monsters nearby!
You closely miss the gnoll. Your headbutt misses the gnoll.
The gnoll is severely wounded.
The gnoll hits you with a +0 spear.
The gnoll hits you from afar with a +3 spear.
There are monsters nearby!
You hit the gnoll but do no damage. Your headbutt misses the gnoll.
The gnoll is severely wounded.
A gnoll comes into view. It is wielding a +0 spear.
The gnoll closely misses you.
The gnoll hits you from afar with a +3 spear.
* * * LOW HITPOINT WARNING * * *
You are too injured to fight recklessly!
Unknown command.
A red film seems to cover your vision as you go berserk!
You feel yourself moving faster!
You feel mighty!
The gnoll shouts!
The gnoll hits you from afar with a +0 spear.
* * * LOW HITPOINT WARNING * * *
The gnoll barely misses you.
The gnoll hits you from afar with a +3 spear!
* * * LOW HITPOINT WARNING * * *
You slash the gnoll!
You kill the gnoll!
Trog accepts your kill.
The gnoll hits you from afar with a +0 spear.
You die...

##########
.######........#
#.....>......#.# #
###
####...###.##.##.##
##.#
#.....##....@)g.#
##...
##..........##g##
#.... ##.#########
# ##... #.# ..#
###.# #.# #.# #...#
##'## #.# #.###
##...## #.# #.#
##.....## ### #.#
#.### ##.......##
##.###.# #)#.#


You could see 2 gnolls.

Vanquished Creatures
  A gnoll (D:2)
  2 dart slugs (D:2)
  4 bats
  2 endoplasms (D:2)
  A giant cockroach (D:2)
  3 goblins
  2 hobgoblins
  3 jackals (D:2)
  2 kobolds (D:1)
  A quokka (D:2)
  3 ball pythons (D:2)
  3 frilled lizards
  3 rats
30 creatures vanquished.

Notes
Turn   | Place    | Note
-------+----------+-------------------------------------------
     0 | D:1      | browni3141 the Minotaur Berserker began the quest for the
                  | Orb.
     0 | D:1      | Reached XP level 1. HP: 19/19 MP: 0/0
   110 | D:1      | Noticed a floating eye
   115 | D:1      | Noticed a floating eye
   117 | D:1      | Found a faded altar of an unknown god.
   119 | D:1      | Noticed a great orb of eyes
   124 | D:1      | Noticed a great orb of eyes
   287 | D:1      | Reached XP level 2. HP: 22/27 MP: 1/1
  1161 | D:2      | Reached XP level 3. HP: 23/33 MP: 2/2
  1358 | D:2      | Reached ** piety under Trog
  1452 | D:2      | Found Zagras's Book Boutique.
  1496 | D:2      | HP: 1/49 [gnoll (11)]
  1497 | D:2      | Slain by a gnoll

Illustrated notes

Levels and vault maps discovered:
D:1:      amcnicky_arrival_double_pillar, layout_basic,
          hellmonk_ecumenical_altar_watching_god, hangedman_decor_slide_cut
D:2:      layout_loops_corners, serial_shops, shop

Skill      XL: |  1  2 |
---------------+-------+-----
Fighting       | 4 |  4.1
Axes           | 4 |  4.1
Armour         | 3 |  3.1
Dodging        | |  2.8

Action                   || total
-------------------------++-------
Melee: Hand axe          ||    54
       Headbutt          ||     9
Invok: Berserk           ||     1
Armor: Animal skin       ||    19
Dodge: Dodged            ||    41
